Map: Mech Depot LE

Players

Oessy

  • Race: Zerg Zerg
  • League: Grandmaster
  • Spawn Location: 1:00

Geeden - Winner!

  • Race: Zerg Zerg
  • League: Master
  • Spawn Location: 7:00

Event: HopeTL

VOD

https://www.youtube.com/watch?v=fIOJgj8wW98&list=PL9QsjkBYtQM7NVZEDVfaNugqO61aBOlm6&index=1

Description

Time

  • Played on: Oct. 7, 2017, 7:49 p.m.
  • Length: 13:08
Show
View Real Time Build Order
Export as new Build Order

Oessy Zerg 

Build Orders: Hatch First, Zergling Baneling 

Get SALT Encoding   

  12  0:00  Drone  
  13  0:12  Overlord  
  13  0:17  Drone  
  14  0:31  Drone x2  
  14  0:34  Drone  
  17  0:52  Hatchery  
  17  0:55  Drone  
  17  0:58  Drone  
  18  1:09  Extractor  
  17  1:13  Spawning Pool  
  17  1:15  Drone  
  17  1:19  Drone  
  18  1:28  Drone  
  19  1:38  Overlord  
  19  1:59  Queen  
  19  2:00  Zergling x2  
  19  2:01  Zergling x2  
  23  2:03  Queen  
  23  2:04  Zergling x2  
  26  2:09  Metabolic Boost  
  26  2:11  Drone  
  27  2:16  Drone  
  27  2:22  Drone  
  29  2:26  Drone  
  29  2:29  Baneling Nest  
  29  2:33  Drone  
  29  2:36  Drone  
  31  2:53  Hatchery  
  31  2:55  Drone  
  31  3:04  Overlord, Zergling x4  
  33  3:07  Drone  
  33  3:11  Zergling x2  
  33  3:12  Drone  
  36  3:21  Overlord  
  36  3:24  Drone x3  
  39  3:28  Drone x2  
  42  3:34  Drone x2  
  43  3:42  Baneling x2  
  43  3:43  Baneling x3  
  43  3:46  Zergling x4  
  43  3:48  Baneling x2  
  45  3:53  Drone  
  45  3:55  Roach Warren, Zergling x2  
  46  3:56  Zergling x2  
  46  3:58  Drone  
  48  4:04  Drone  
  48  4:05  Drone x2  
  46  4:18  Zergling x10  
  46  4:22  Queen  
  52  4:26  Extractor  
  52  4:28  Evolution Chamber  
  52  4:30  Zergling x2  
  52  4:31  Zergling x8  
  55  4:35  Roach  
  55  4:36  Baneling x4  
  55  4:37  Baneling x2  
  46  5:04  Roach x2  
  46  5:05  Drone x3  
  46  5:06  Overlord x2  
  51  5:08  Drone  
  51  5:09  Overlord, Extractor  
  51  5:10  Overlord  
  51  5:12  Roach  
  52  5:18  Drone  
  52  5:19  Roach, Zergling x6  
  56  5:31  Roach x2, Zergling x4  
  56  5:34  Drone x3  
  65  5:44  Baneling x3  
  65  5:55  Roach, Zergling x16  
  65  6:04  Queen  
  65  6:05  Queen  
  61  6:15  Zergling x12  
  63  6:28  Zergling x6  
  63  6:29  Drone  
  64  6:40  Zergling x8  
  68  6:49  Baneling x8  
  68  7:01  Drone x4  
  68  7:05  Drone  
  68  7:06  Drone  
  70  7:25  Drone x10  
  78  7:37  Roach x5  
  80  7:51  Roach x2  
  80  7:56  Zergling x4  
  82  8:05  Zergling x2  
  78  8:14  Drone  
  78  8:15  Drone x2  
  78  8:17  Zerg Missile Weapons Level 1  
  78  8:18  Baneling x2  
  81  8:22  Baneling  
  81  8:23  Baneling  
  81  8:28  Drone  
  81  8:30  Overlord x3  
  81  8:31  Overlord  
  81  8:32  Overlord  
  81  8:33  Overlord  
  82  8:45  Spine Crawler x2  
  82  8:51  Roach x10  
  82  8:52  Zergling x10  
  107  8:56  Overlord  
  107  8:59  Overlord  
  107  9:00  Overlord  
  105  9:04  Lair  
  105  9:05  Drone x3  
  105  9:08  Extractor  
  107  9:10  Queen  
  107  9:15  Baneling x2  
  109  9:17  Baneling x2  
  109  9:20  Drone  
  110  9:25  Drone x2  
  110  9:28  Baneling x2  
  110  9:29  Baneling  
  112  9:33  Zergling x18  
  121  9:42  Extractor  
  120  9:49  Baneling  
  120  9:51  Zergling x10  
  123  10:01  Zergling x16  
  129  10:08  Zergling x2  
  129  10:12  Zerg Missile Weapons Level 2, Hydralisk Den  
  108  10:26  Zergling x22  
  93  10:41  Hydralisk x3  
  78  10:43  Muscular Augments  
  73  10:54  Hydralisk x6  
  85  10:57  Glial Reconstitution  
  85  11:00  Spore Crawler  
  85  11:02  Spore Crawler  
  85  11:03  Drone  
  82  11:13  Roach x2, Hydralisk  
  81  11:20  Roach x2, Hydralisk  
  86  11:27  Zergling x8  
  89  11:33  Hydralisk  
  89  11:34  Roach  
  89  11:35  Roach  
  89  11:37  Overseer  
  95  11:43  Roach, Hydralisk  
  95  11:46  Baneling x5  
  98  12:06  Spore Crawler  
  88  12:17  Hydralisk x8  
  104  12:28  Overlord x4  
  104  12:31  Overlord  
Show
View Real Time Build Order
Export as new Build Order

Geeden Zerg - Winner!

Build Orders: Hatch First 

Get SALT Encoding   

  12  0:00  Drone  
  13  0:13  Overlord  
  13  0:17  Drone  
  14  0:32  Drone x2  
  14  0:35  Drone  
  17  0:54  Hatchery  
  17  0:56  Drone  
  17  1:09  Spawning Pool  
  16  1:12  Drone  
  16  1:15  Drone  
  19  1:18  Drone  
  19  1:21  Extractor  
  18  1:28  Drone  
  19  1:39  Overlord  
  19  1:56  Queen  
  19  1:57  Zergling x2  
  22  2:05  Queen  
  22  2:07  Zergling x4  
  26  2:16  Drone x2  
  26  2:22  Overlord  
  28  2:23  Metabolic Boost  
  28  2:29  Zergling x2  
  29  2:30  Spine Crawler  
  29  2:36  Drone  
  29  2:38  Drone  
  32  2:44  Drone  
  32  2:48  Baneling Nest  
  32  2:51  Overlord  
  31  2:56  Drone  
  32  2:59  Evolution Chamber  
  32  3:01  Zergling x2  
  32  3:13  Drone x4  
  32  3:14  Drone x2  
  32  3:16  Drone  
  32  3:18  Drone  
  39  3:34  Zerg Ground Armor Level 1  
  39  3:40  Overlord, Drone  
  39  3:41  Drone x2  
  42  3:45  Baneling  
  42  3:49  Zergling x4  
  42  3:50  Overlord  
  44  4:02  Zergling x10  
  49  4:04  Baneling  
  49  4:05  Baneling  
  43  4:28  Zergling x2  
  43  4:29  Zergling x16  
  52  4:34  Baneling x2  
  52  4:35  Baneling, Hatchery  
  51  4:39  Zergling x2  
  51  4:58  Zergling x18  
  55  5:04  Baneling x2  
  52  5:15  Zergling x6  
  52  5:16  Queen  
  52  5:19  Zergling x2  
  56  5:25  Overlord  
  56  5:30  Zerg Melee Weapons Level 1  
  56  5:32  Overlord  
  56  5:41  Overlord  
  54  5:45  Overlord x2  
  54  5:57  Zergling x12  
  53  6:07  Zergling x6  
  53  6:14  Zergling x4  
  53  6:15  Zergling x12  
  61  6:19  Zergling x2  
  62  6:31  Baneling  
  57  6:42  Drone x3, Lair  
  57  6:43  Drone x2  
  57  6:44  Extractor  
  57  6:45  Zergling x14  
  64  6:55  Drone  
  65  7:01  Zergling x10  
  65  7:02  Zergling x2  
  71  7:09  Zergling x4  
  73  7:21  Zergling x14  
  79  7:25  Extractor  
  79  7:26  Drone x4  
  76  7:44  Spire  
  76  7:45  Drone x2  
  76  7:46  Drone x3  
  76  7:47  Extractor  
  66  7:55  Zergling x2  
  66  7:56  Zergling x20  
  68  8:15  Drone x3  
  71  8:21  Zergling x10  
  76  8:30  Overlord x2  
  75  8:35  Zerg Melee Weapons Level 2  
  75  8:37  Drone x3  
  75  8:38  Drone x3  
  81  8:41  Overlord  
  81  8:49  Hatchery  
  80  8:55  Extractor  
  80  8:57  Mutalisk x4, Extractor, Zerg Flyer Weapons Level 1  
  80  9:00  Mutalisk  
  80  9:02  Overlord  
  88  9:03  Drone x3  
  88  9:04  Drone  
  92  9:11  Mutalisk  
  92  9:13  Overlord  
  92  9:19  Mutalisk  
  93  9:31  Mutalisk x2  
  93  9:36  Overlord  
  97  9:39  Mutalisk  
  99  9:48  Zergling x4  
  99  9:49  Zergling x18  
  109  9:55  Mutalisk x2  
  112  10:12  Mutalisk x3  
  112  10:14  Zergling x18  
  106  10:23  Mutalisk x2  
  106  10:26  Zergling x2  
  106  10:27  Zergling x6  
  107  10:30  Queen  
  107  10:33  Mutalisk  
  104  10:36  Zergling x2  
  104  10:37  Zergling x2  
  104  10:39  Drone  
  104  10:40  Drone  
  104  10:41  Drone  
  101  10:43  Drone  
  101  10:47  Zergling x2  
  101  10:48  Zergling x4  
  104  10:56  Drone x3  
  107  10:57  Drone x3  
  110  11:14  Mutalisk x2  
  112  11:19  Zergling x4  
  112  11:25  Centrifical Hooks  
  114  11:27  Drone x4  
  118  11:33  Overlord  
  118  11:41  Zergling x2  
  118  11:42  Zergling x16  
  127  11:57  Mutalisk x2  
  127  11:58  Mutalisk x3  
  123  12:17  Mutalisk x2  
  123  12:18  Mutalisk x2  
  123  12:22  Queen  
  132  12:27  Drone x3  
  132  12:28  Drone  
  132  12:29  Extractor  
  135  12:30  Extractor  
  135  12:33  Mutalisk x2  
  138  12:38  Zergling x10  
  138  12:39  Overlord  
  138  12:41  Hatchery  
Tags
 
Add a new tag
Caveats
  • Supply blocks, unpowered buildings, or Contaminate may cause inaccurate times.
  • Supply counts are checked every 10 seconds.